 Dungeon Crawl Stone Soup version 0.14-a0-3367-g7c2a7eb (webtiles) character file.

530 4tharraofdagon the Chopper (level 6, -13/56 HPs)
             Began as a Minotaur Fighter on Mar 19, 2014.
             Was an Initiate of Makhleb.
             Mangled by an ogre
             ... wielding a +0,+0 giant club
              (14 damage)
             ... on Level 5 of the Dungeon.
             The game lasted 00:05:02 (1071 turns).

4tharraofdagon the Chopper (Minotaur Fighter)       Turns: 1071, Time: 00:05:02

HP -13/56        AC  6     Str 22      XL: 6   Next: 64%
MP   3/3         EV  8     Int  6      God: Makhleb [......]
Gold 106         SH 19     Dex  9      Spells:  0 memorised,  5 levels left

rFire  . . .     SeeInvis .     n - +0 war axe
rCold  . . .     Clarity  .     u - +0 ring mail of Bepuecy {+Fly rElec}
rNeg   . . .     Conserve .     c - +0 shield
rPois  .         rCorr    .     (helmet restricted)
rElec  +         rRot     .     (no cloak)
SustAb . .       Spirit   .     (no gloves)
rMut   .         Warding  .     (no boots)
Saprov . . .     Stasis   .     (no amulet)
MR     .....                    (no ring)
                                (no ring)

@: not resistant to hostile enchantments, extremely unstealthy
A: retaliatory headbutt, horns 2
a: Renounce Religion, Evoke Flight


You were on level 5 of the Dungeon.
You worshipped Makhleb.
Makhleb was noncommittal.
You were not hungry.

You visited 2 branches of the dungeon, and saw 6 of its levels.

You collected 106 gold pieces.

Inventory:

Hand weapons
 a - a +0,+0 war axe
 n - a +0,+0 war axe (weapon)
 t - a +0,+0 club
Armour
 b - a +0 scale mail
 c - a +0 shield (worn)
 p - a +0 plate armour
 u - the cursed +0 ring mail of Bepuecy (worn) {+Fly rElec}
   (You found it on level 5 of the Dungeon)

   It insulates you from electricity.
   It lets you fly.
   It has a curse placed upon it.
Comestibles
 d - 2 bread rations
 s - 2 chunks of hobgoblin flesh
Scrolls
 g - 2 scrolls of remove curse {unknown}
 j - 2 scrolls of identify {unknown}
 l - a scroll of fog {unknown}
 m - a scroll of enchant weapon II {unknown}
 o - 3 scrolls of amnesia {unknown}
 q - a scroll of blinking {unknown}
Jewellery
 r - an uncursed ring of fire
Potions
 e - a potion of might
 f - a potion of curing {unknown}
 h - a potion of heal wounds
 i - a potion of agility {unknown}
 k - a potion of degeneration {unknown}


   Skills:
 + Level 5.4 Fighting
 * Level 6.2 Axes
 + Level 5.6 Armour
 - Level 3.6 Shields


You had 5 spell levels left.
You didn't know any spells.

Dungeon Overview and Level Annotations

Branches:
Dungeon (5/15)             Temple (1/1) D:4

Altars:
Ashenzari
Cheibriados
Dithmenos
Elyvilon
Fedhas
Kikubaaqudgha
Makhleb
Nemelex Xobeh
Okawaru
Sif Muna
Trog
Vehumet
Xom
Yredelemnul
The Shining One


Innate Abilities, Weirdness & Mutations

You reflexively headbutt those who attack you in melee.
You have a pair of horns on your head.


Message History

The ogre is moderately wounded.
The ogre hits you with a giant club!
* * * LOW HITPOINT WARNING * * *
You are too injured to fight recklessly!
You are too injured to fight recklessly!
You slash the ogre!
The ogre is severely wounded.
The ogre barely misses you.
Unknown command.
You completely miss the ogre.
The ogre is severely wounded.
The ogre hits you with a giant club!
* * * LOW HITPOINT WARNING * * *
Unknown command.
Unknown command.
You hit the ogre.
You headbutt the ogre, but do no damage.
The ogre is almost dead.
The ogre hits you with a giant club!
You die...

#.# #.# #.# #.# #.# #.###
#.# ######.... #.#
#...##.... #.# #.........
#.# #...##.... #.#
?...#################....
#.#
.......O@........[.......
#.#
....#################.<..
#.# #.... #.# #.... #.#
#.... #.# #.... #.# #.#
#.... #.# #.# #.... #.#
#.# #....


You could see an ogre.

Vanquished Creatures
  A sky beast (D:5)
  An ogre (D:5)
  A crimson imp (D:5)
  An orc priest (D:4)
  2 worker ants
  An orc wizard (D:4)
  A hound skeleton (D:4)
  2 adders
  A gnoll (D:1)
  A giant mite (D:5)
  An iguana zombie (D:5)
  A giant eyeball (D:5)
  A giant gecko (D:5)
  9 orcs
  2 giant cockroaches
  7 hobgoblins
  3 jackals (D:4)
  2 quokkas
  A bat (D:5)
  3 giant newts
  2 goblins (D:4)
  A goblin skeleton (D:4)
  6 kobolds
  8 rats
  A rat skeleton (D:5)
60 creatures vanquished.

Vanquished Creatures (others)
  An ice beast (D:5)
  An adder (D:5)
2 creatures vanquished.

Grand Total: 62 creatures vanquished

Notes
Turn   | Place    | Note
--------------------------------------------------------------
     0 | D:1      | 4tharraofdagon, the Minotaur Fighter, began the quest for the Orb.
     0 | D:1      | Reached XP level 1. HP: 19/19 MP: 1/1
    60 | D:1      | Reached XP level 2. HP: 24/27 MP: 1/1
    61 | D:1      | Reached skill level 4 in Armour
   253 | D:2      | Reached XP level 3. HP: 33/33 MP: 2/2
   314 | D:4      | Found a shattered altar of Ashenzari.
   314 | D:4      | Found a deep blue altar of Sif Muna.
   321 | D:4      | Found an ancient bone altar of Kikubaaqudgha.
   322 | D:4      | Found a sparkling altar of Nemelex Xobeh.
   374 | D:4      | Reached XP level 4. HP: 19/40 MP: 2/2
   498 | D:4      | Reached XP level 5. HP: 25/47 MP: 2/2
   607 | D:5      | Entered Level 5 of the Dungeon
   609 | D:5      | Killed an ice beast
   644 | D:5      | Noticed a sky beast
   656 | D:5      | Killed a sky beast
   656 | D:5      | Reached skill level 5 in Fighting
   656 | D:5      | Reached skill level 5 in Axes
   656 | D:5      | Reached skill level 5 in Armour
   656 | D:5      | Reached XP level 6. HP: 54/56 MP: 3/3
   766 | D:5      | Noticed an ogre
   773 | D:5      | Killed an ogre
   773 | D:5      | Reached skill level 6 in Axes
   775 | D:5      | Paralysed by a giant eyeball for 2 turns
   859 | D:4      | Found a staircase to the Ecumenical Temple.
   864 | Temple   | Entered the Ecumenical Temple
   964 | Temple   | Became a worshipper of Makhleb the Destroyer
  1030 | D:5      | Got a faintly glowing ring mail
  1047 | D:5      | Identified the cursed +0 ring mail of Bepuecy {+Fly rElec} (You found it on level 5 of the Dungeon)
  1062 | D:5      | Noticed an ogre
  1070 | D:5      | HP: 1/56 [ogre/giant club (9)]
  1071 | D:5      | Mangled by an ogre

Action                   |  1- 3 |  4- 6 || total
-------------------------+-------+-------++-------
Melee: War axe           |    47 |    80 ||   127
  Use: Potion            |       |     2 ||     2
